AoeStats
← bela29318

Black Forest

510323588Analyzed
3v3 RM · 9h ago on Sep 30, 2026· 47m 1s· 6 players
Game mode
Random Map
Map size
Normal (6 player)
Population
200
Speed
Normal
Resources
Standard
Victory
Conquest
Starting age
Dark Age
Ending age
Imperial Age
RankedLock teamsTeams togetherTeam positionsShared explorationLock speedFull tech treeHidden civsTurbo modeCheats
Victory
Defeat
🇻🇳 Lithuanians · Vietnam
739
+21
🇭🇰 Persians · Hong Kong SAR China
714
+17
🇻🇳 Teutons · Vietnam
654
+19
🇹🇷 Bohemians · Türkiye
759
-18
🇺🇸 Khmer · United States
730
-17
🇮🇳 Georgians · India
712
-17
Horizon
0:36 Loom
14:52 Feudal Age
16:11 Wheelbarrow
20:41 Castle Age
19:32 Double-Bit Axe
25:33 Gold Mining
25:41 Horse Collar
25:57 Stone Mining
26:19 Bow Saw
29:31 Imperial Age
29:37 Hand Cart
31:54 Chemistry
32:26 Heavy Plow
34:42 Murder Holes
35:17 Scale Mail Armor
35:23 Scale Barding Armor
37:55 Tusk Swords
38:01 Elite Ballista Elephant
bela29318
9:11 Loom
12:36 Feudal Age
13:47 Double-Bit Axe
14:32 Horse Collar
16:51 Wheelbarrow
19:04 Castle Age
20:22 Bow Saw
20:21 Heavy Plow
21:29 Hand Cart
29:17 Gold Mining
29:17 Stone Mining
30:05 Fishing Lines
33:36 Imperial Age
30:52 Town Watch
33:13 Svan Towers
34:41 Conscription
34:34 Aznauri Cavalry
34:45 Forging
34:40 Scale Barding Armor
35:17 Crop Rotation
34:48 Elite Monaspa
36:07 Iron Casting
35:55 Gillnets
37:10 Hoardings
38:50 Blast Furnace
38:12 Chain Barding Armor
39:47 Stone Shaft Mining
40:31 Theocracy
39:56 Herbal Medicine
40:18 Block Printing
40:15 Fervor
40:10 Devotion
40:32 Redemption
41:07 Plate Barding Armor
SonOfRain
0:36 Loom
12:53 Feudal Age
16:56 Castle Age
15:47 Horse Collar
18:01 Heavy Plow
22:16 Double-Bit Axe
23:23 Bow Saw
28:34 Imperial Age
26:04 Fishing Lines
26:58 Padded Archer Armor
27:32 Gillnets
29:13 Wheelbarrow
28:44 Elite Hussite Wagon
29:47 Conscription
32:18 Leather Archer Armor
31:54 Fletching
33:06 Chemistry
32:27 Ballistics
32:47 Wagenburg Tactics
35:28 Two-Man Saw
35:02 Hand Cart
37:04 Ring Archer Armor
36:30 Bodkin Arrow
36:41 Caravan
37:11 Coinage
36:52 Guilds
40:09 Banking
41:33 Siege Engineers
41:39 Masonry
41:33 Bracer
5Fpsss
12:38 Feudal Age
13:09 Horse Collar
13:18 Double-Bit Axe
21:34 Castle Age
24:05 Bow Saw
23:57 Heavy Plow
24:19 Husbandry
24:51 Gold Mining
25:35 Caravan
32:17 Imperial Age
33:21 Loom
34:19 Wheelbarrow
34:20 Cavalier
34:57 Stone Mining
35:22 Forging
35:08 Elite Leitis
37:46 Iron Casting
38:33 Scale Mail Armor
brokenlit
0:37 Loom
12:00 Feudal Age
14:31 Horse Collar
16:42 Gold Mining
21:27 Castle Age
19:23 Double-Bit Axe
20:28 Stone Mining
22:05 Caravan
24:33 Fishing Lines
30:50 Wheelbarrow
30:42 Heavy Plow
31:05 Town Watch
32:02 Gold Shaft Mining
34:42 Imperial Age
32:30 Hand Cart
32:39 Bloodlines
32:38 Fletching
32:59 Forging
33:27 Husbandry
34:14 Stone Shaft Mining
34:52 Scale Barding Armor
34:26 Cavalier
35:37 Conscription
37:14 Chemistry
36:13 Bodkin Arrow
37:14 Elite War Elephant
38:23 Town Patrol
39:36 Masonry
41:11 Chain Barding Armor
41:29 Iron Casting
42:52 Pikeman
44:04 Squires
44:39 Halberdier
46:20 Plate Barding Armor
48:22 Blast Furnace
46:48 Man-at-Arms
47:14 Gambesons
no
11:35 Feudal Age
16:11 Castle Age
16:53 Double-Bit Axe
16:51 Horse Collar
20:01 Stone Mining
21:33 Heavy Plow
24:28 Wheelbarrow
24:22 Loom
26:16 Stone Shaft Mining
25:32 Gold Mining
27:21 Hand Cart
31:12 Imperial Age
29:21 Bow Saw
33:12 Chemistry
31:35 Elite Teutonic Knight
32:36 Conscription
32:50 Conscription
33:33 Forging
33:24 Scale Mail Armor
34:29 Bombard Tower
34:05 Town Watch
35:13 Crop Rotation
35:47 Two-Man Saw
35:59 Hoardings
35:47 Chain Mail Armor
36:20 Iron Casting
37:01 Plate Mail Armor
43:34 Blast Furnace
47:15 Arson
47:31 Squires
Connection lost

Rejoining the realm…

Still unreachable

The connection could not be restored.

Session expired

The server has moved on; the page needs a fresh start.